 Dungeon Crawl Stone Soup version 0.27.1-35-g4d5d836560 (webtiles) character file.

Game seed: 14842989098304680219

49 Delamore the Sneak (level 3, 0/24 HPs)
             Began as an Octopode Brigand on May 20, 2022.
             Slain by a hobgoblin (5 damage)
             ... on level 2 of the Dungeon.
             The game lasted 00:01:14 (1429 turns).

Delamore the Sneak (Octopode Brigand)               Turns: 1429, Time: 00:01:14

Health: 0/24       AC:  1    Str: 16    XL:     3   Next: 75%
Magic:  3/3        EV: 12    Int: 13    God:
Gold:   11         SH:  0    Dex: 14    Spells: 2/2 levels left

rFire    . . .     SeeInvis .   a - +2 dagger
rCold    . . .     Faith    .   (no shield)
rNeg     . . .     Spirit   .   (helmet restricted)
rPois    .         Reflect  .   (no amulet)
rElec    .         Harm     .   d - +6 ring of strength
rCorr    .         Rampage  .   (no ring)
Will     .....                  (no ring)
Stlth    ++++......             (no ring)
HPRegen  0.08/turn              (no ring)
MPRegen  0.08/turn              (no ring)
                                (no ring)
                                (no ring)

@: no status effects
A: almost no armour, amphibious, 8 rings, camouflage 1, gelatinous body 1,
(nimble swimmer 1), tentacles
a: no special abilities


You were on level 2 of the Dungeon.
You visited 1 branch of the dungeon, and saw 2 of its levels.

You collected 11 gold pieces.

Inventory:

Hand Weapons
 a - a +2 dagger (weapon)
Missiles
 b - 8 poisoned darts
 c - 2 curare-tipped darts
 e - 50 stones (quivered)
Jewellery
 d - a +6 ring of strength (left tentacle)
Scrolls
 f - a scroll of identify {unknown}


   Skills:
 - Level 2.0 Fighting
 * Level 3.4 Short Blades
 + Level 2.7 Throwing
 - Level 1.0 Dodging
 - Level 5.3 Stealth


You had 2 spell levels left.
You didn't know any spells.
Your spell library was empty.

Dungeon Overview and Level Annotations

Branches:
Dungeon (2/15)

Altars:


Innate Abilities, Weirdness & Mutations

You cannot wear most types of armour.
You are amphibious.
You can wear up to eight rings at the same time.
Your skin changes colour to match your surroundings (Stealth+).
Your rubbery body absorbs attacks. (AC +1, EV +1)
((You are camouflaged near water. (Stealth+)))
You have tentacles for arms and can constrict up to eight enemies at once.


Message History

The goblin barely misses you. The hobgoblin hits you.
You hit the hobgoblin.
The hobgoblin is almost dead.
You constrict the hobgoblin.
You kill the hobgoblin!
The goblin barely misses you. The hobgoblin hits you.
You hit the hobgoblin. Your grab misses the hobgoblin.
The hobgoblin is severely wounded.
The hobgoblin misses you. The goblin barely misses you.
The hobgoblin barely misses you.
You barely miss the hobgoblin. Your grab misses the hobgoblin.
The hobgoblin is heavily wounded.
The hobgoblin misses you. The goblin hits you with a +0 club.
The hobgoblin barely misses you.
You hit the hobgoblin. Your grab misses the hobgoblin.
You squeeze the hobgoblin.
You kill the hobgoblin!
The hobgoblin hits you.
You are too injured to fight recklessly!
You are too injured to fight recklessly!
You are too injured to fight recklessly!
You are too injured to fight recklessly!
The goblin closely misses you. The goblin closely misses you.
You closely miss the goblin. Your grab misses the goblin.
Your squeeze misses the goblin. You closely miss the goblin.
Your grab misses the goblin. You squeeze the goblin.
The goblin is severely wounded.
You closely miss the goblin. Your grab misses the goblin.
The goblin hits you with a +0 club.
* * * LOW HITPOINT WARNING * * *
You hit the goblin.
You kill the goblin!
The goblin hits you with a +0 club.
* * * LOW HITPOINT WARNING * * *
You hit the goblin.
You kill the goblin!
The hobgoblin hits you.
You die...

#.#≈≈≈g≈≈≈#........
#.#≈.≈≈≈≈≈#..##..##
#.#...≈...#.. #....
# #.#.......#.
#.###
#.##.#g......## #+#
#....#g†.....#
#..gg....$.
#g#########
#)@.......#
###.......+
##...#### #...#
#.### #.# #.# #+#
#.# #.# #.# #.#


You could see a hobgoblin.

Vanquished Creatures
  An adder (D:2)
  2 dart slugs
  3 bats
  5 endoplasms
  3 giant cockroaches (D:1)
  2 goblins (D:2)
  5 hobgoblins
  3 quokkas
  2 frilled lizards (D:1)
  2 kobolds (D:1)
  4 rats
32 creatures vanquished.

Vanquished Creatures (others)
  2 plants (D:1)
2 creatures vanquished.

Grand Total: 34 creatures vanquished

Notes
Turn   | Place    | Note
-------+----------+-------------------------------------------
     0 | D:1      | Delamore the Octopode Brigand began the quest for the Orb.
     0 | D:1      | Reached XP level 1. HP: 14/14 MP: 1/1
   109 | D:1      | Reached XP level 2. HP: 19/19 MP: 2/2
   116 | D:1      | Found a faded altar of an unknown god.
   578 | D:1      | Reached XP level 3. HP: 23/24 MP: 3/3
  1429 | D:2      | Slain by a hobgoblin

Illustrated notes

Levels and vault maps discovered:
D:1:      dpeg_arrival_shrine, layout_basic,
          hellmonk_ecumenical_altar_heavens_door, serial_forest,
          infiniplex_forest_lined_corner, infiniplex_forest_straight_3,
          infiniplex_forest_clump_tiny, infiniplex_forest_straight_2,
          infiniplex_forest_lined_ring, infiniplex_forest_lined_room_2,
          infiniplex_forest_clump_long, infiniplex_forest_diagonal,
          infiniplex_forest_clump_medium, st_stairs_6, patterned_corridor
D:2:      layout_loops_corners, minmay_goblin_outpost

Skill      XL: |  1  2 |
---------------+-------+-----
Short Blades   | 3 |  3.4
Fighting       | |  2.0
Throwing       | |  2.7
Dodging        | |  1.0
Stealth        | |  5.3

Action                   || total
-------------------------++-------
Melee: Dagger            ||    54
       Constrict         ||     9
       Tentacles         ||     6
Throw: Stone             ||    19
 Stab: Sleeping          ||    14
Dodge: Dodged            ||    24
